 Dungeon Crawl Stone Soup version bcrawl-1.18.1 (webtiles) character file.

Game seed: 10872524234339249156

83 Freyura the Twirler (level 4, -2/27 HPs)
             Began as a Gargoyle Gladiator on Nov 11, 2019.
             Slain by a goblin
             ... wielding a +0 club
             ... led by Robin
              (7 damage)
             ... on level 3 of the Dungeon.
             The game lasted 00:03:21 (1207 turns).

Freyura the Twirler (Gargoyle Gladiator)            Turns: 1207, Time: 00:03:22

Health: -2/27      AC:  8    Str: 18    XL:     4   Next: 44%
Magic:  4/4        EV: 13    Int: 12    God:
Gold:   58         SH:  0    Dex: 12    Spells: 3/3 levels left

rFire    . . .     SeeInvis .   a - +0 quarterstaff
rCold    . . .     Gourm    .   (shield currently unavailable)
rNeg     + + .     Faith    .   k - +2 robe {rN+}
rPois    ∞         Spirit   .   c - +0 helmet
rElec    +         Reflect  .   (no cloak)
rCorr    .         Harm     .   (no gloves)
MR       .....                  (no boots)
Stlth    +.........             (no amulet)
HPRegen  0.09/turn              j - +4 ring of intelligence
MPRegen  0.09/turn              (no ring)

@: no status effects
A: negative energy resistance 1, electricity resistance, unbreathing,
petrification resistance, rot immunity, AC +3
a: no special abilities


You were on level 3 of the Dungeon.
You were not hungry.

You visited 1 branch of the dungeon, and saw 3 of its levels.

You collected 58 gold pieces.

Inventory:

Hand Weapons
 a - a +0 quarterstaff (weapon)
Missiles
 d - 3 throwing nets (quivered) {!f}
Armour
 b - a +0 leather armour
 c - a +0 helmet (worn)
 k - a +2 robe of positive energy (worn)
 q - a +0 scale mail
Jewellery
 j - a +4 ring of intelligence (left hand)
Scrolls
 g - 2 scrolls of remove curse {unknown}
 h - 2 scrolls of fear {unknown}
 l - a scroll of magic mapping {unknown}
 m - a scroll of amnesia {unknown}
 n - a scroll of identify {unknown}
 o - a scroll of teleportation {unknown}
 p - a scroll of fog {unknown}
 r - a scroll of enchant armour {unknown}
Potions
 e - a potion of lignification {unknown}
 i - a potion of mutation {unknown}
Comestibles
 f - 2 rations {!d}


   Skills:
 + Level 2.8 Fighting
 * Level 4.0 Staves
 - Level 1.8 Throwing
 + Level 1.4 Armour
 + Level 2.9 Dodging


You had 3 spell levels left.
You didn't know any spells.
Your spell library was empty.

Dungeon Overview and Level Annotations

Branches:
Dungeon (3/12)

Altars:

Annotations:
D:3 Robin


Innate Abilities, Weirdness & Mutations

You are resistant to torment.
Your stone body is resilient. (AC +3)
You are immune to poison.
You resist negative energy. (rN+)
You are resistant to electric shocks. (rElec)
You can survive without breathing.
You are immune to petrification.
You are immune to rotting.


Message History

You barely miss the goblin. Robin throws the goblin at you!
The goblin hits you but does no damage. The goblin hits you with a +0 dagger.
The goblin hits you but does no damage. The goblin closely misses you.
The goblin barely misses you.
You hit the goblin.
The goblin is moderately wounded.
The goblin no longer looks unusually strong. x2
Robin roars a battlecry!
The goblins go into a battle-frenzy!
The goblin hits you.
* * * LOW HITPOINT WARNING * * *
The goblin hits you with a +0 club.
* * * LOW HITPOINT WARNING * * *
The goblin closely misses you. The goblin barely misses you.
The goblin closely misses you. The goblin misses you.
The goblin barely misses you.
You thump the goblin!
You kill the goblin!
The goblin hits you but does no damage. The goblin hits you with a +0 club!
You die...

### #.. #.#
###.### #
#.....# #
....#.).gg####.#
#..ggg@..<..#
#.#..ggg###..#
........g# ..#
#.#...<.....
....
#..##.#####..#..
.... ... ..####
#.#. ##.. ..#
#.#. #.. ...


You could see Robin, a hobgoblin and 7 goblins.

Vanquished Creatures
  2 oozes
  3 worms (D:2)
  A dart slug (D:2)
  2 leopard geckos
  7 bats
  3 giant cockroaches (D:2)
  9 goblins
  10 hobgoblins
  A quokka (D:1)
  4 frilled lizards
  11 kobolds
  6 rats
59 creatures vanquished.

Notes
Turn   | Place    | Note
-------+----------+-------------------------------------------
     0 | D:1      | Freyura the Gargoyle Gladiator began the quest for the Orb.
     0 | D:1      | Reached XP level 1. HP: 12/12 MP: 1/1
    63 | D:1      | Reached XP level 2. HP: 15/17 MP: 2/2
   493 | D:1      | Reached XP level 3. HP: 19/22 MP: 3/3
   784 | D:2      | Reached skill level 1 in Armour
   823 | D:2      | Reached XP level 4. HP: 21/27 MP: 4/4
   935 | D:2      | Reached skill level 4 in Staves
  1194 | D:3      | Noticed Robin
  1207 | D:3      | Slain by a goblin

Skill      XL: |  1  2  3  4 |
---------------+-------------+-----
Armour         | 1 |  1.4
Staves         | 4 |  4.0
Fighting       | |  2.8
Throwing       | |  1.8
Dodging        | |  2.9

Action                   |  1- 3 |  4- 6 || total
-------------------------+-------+-------++-------
Melee: Quarterstaff      |   120 |    41 ||   161
 Stab: Sleeping          |     1 |       ||     1
  Eat: Chunk             |       |     1 ||     1
Armor: Leather armour    |    44 |       ||    44
       Robe              |    19 |    31 ||    50
Dodge: Dodged            |   102 |    54 ||   156
